Workbook

Sheet Mean Medicare Outlays Final
A1: Mean Medicare Outlays per Enrollee by Area of Residence: 2013
A5: State | B5: All | C5: Aged | D5: Disabled
A6: ALABAMA | B6: =('Mean Medicare Outlays calcs'!W6) -> 9890.3931 | C6: =('Mean Medicare Outlays calcs'!X6) -> 9969.7425 | D6: =('Mean Medicare Outlays calcs'!Y6) -> 9639.9576
A7: ALASKA | B7: =('Mean Medicare Outlays calcs'!W7) -> 8262.142 | C7: =('Mean Medicare Outlays calcs'!X7) -> 7887.9862 | D7: =('Mean Medicare Outlays calcs'!Y7) -> 10037.108
A8: ARIZONA | B8: =('Mean Medicare Outlays calcs'!W8) -> 9912.3499 | C8: =('Mean Medicare Outlays calcs'!X8) -> 9823.731 | D8: =('Mean Medicare Outlays calcs'!Y8) -> 10465.651
A9: ARKANSAS | B9: =('Mean Medicare Outlays calcs'!W9) -> 9185.0629 | C9: =('Mean Medicare Outlays calcs'!X9) -> 9282.9204 | D9: =('Mean Medicare Outlays calcs'!Y9) -> 8859.0407
A10: CALIFORNIA | B10: =('Mean Medicare Outlays calcs'!W10) -> 10946.232 | C10: =('Mean Medicare Outlays calcs'!X10) -> 10728.099 | D10: =('Mean Medicare Outlays calcs'!Y10) -> 12001.711
A11: COLORADO | B11: =('Mean Medicare Outlays calcs'!W11) -> 9527.9901 | C11: =('Mean Medicare Outlays calcs'!X11) -> 9422.5675 | D11: =('Mean Medicare Outlays calcs'!Y11) -> 10054.465
A12: CONNECTICUT | B12: =('Mean Medicare Outlays calcs'!W12) -> 11505.747 | C12: =('Mean Medicare Outlays calcs'!X12) -> 11397.729 | D12: =('Mean Medicare Outlays calcs'!Y12) -> 12105.712
A13: DELAWARE | B13: =('Mean Medicare Outlays calcs'!W13) -> 10714.41 | C13: =('Mean Medicare Outlays calcs'!X13) -> 10617.274 | D13: =('Mean Medicare Outlays calcs'!Y13) -> 11211.323
A14: DISTRICT OF COLUMBIA | B14: =('Mean Medicare Outlays calcs'!W14) -> 11652.976 | C14: =('Mean Medicare Outlays calcs'!X14) -> 10642.333 | D14: =('Mean Medicare Outlays calcs'!Y14) -> 16108.593
A15: FLORIDA | B15: =('Mean Medicare Outlays calcs'!W15) -> 11843.503 | C15: =('Mean Medicare Outlays calcs'!X15) -> 11737.303 | D15: =('Mean Medicare Outlays calcs'!Y15) -> 12458.585
A16: GEORGIA | B16: =('Mean Medicare Outlays calcs'!W16) -> 9986.7041 | C16: =('Mean Medicare Outlays calcs'!X16) -> 9642.7432 | D16: =('Mean Medicare Outlays calcs'!Y16) -> 11269.868
A17: HAWAII | B17: =('Mean Medicare Outlays calcs'!W17) -> 7721.09 | C17: =('Mean Medicare Outlays calcs'!X17) -> 7456.4657 | D17: =('Mean Medicare Outlays calcs'!Y17) -> 9518.8296
... A64: NATIONWIDE | B64: =('Mean Medicare Outlays calcs'!W64) -> 10449.983 | C64: =('Mean Medicare Outlays calcs'!X64) -> 10303.869 | D64: =('Mean Medicare Outlays calcs'!Y64) -> 11094.894

Sheet Mean Medicare Outlays calcs
B1: Source: CMS | G1: Source: CMS Note: Program payment analysis is based on a 5% sample and inflated to represent payments for the 100% FFS payments (amounts have been inflated by 20) | K1: Mean Medicare Outlays per Enrollee (uninflated, minus part D) | P1: Mean Medicare Outlays per Enrollee Inflated to 2013 (minus part D) | V1: Mean Medicare Outlays per Enrollee Inflated to 2013 (adding back Part D)
B3: 2012 Total Medicare Enrollment | F3: Medicare Fee-for-Service Program Payments by Beneficiary State, 2012; Part-A and/or Part-B | AA3: 2013 Medicare Trustees Report: Table V.D1.—HI and SMI Average per Beneficiary Costs
B4: (HI and/or SMI) | AB4: Average per beneficiary costs | AG4: Average percent change
A5: Beneficiary State | B5: All | C5: Aged | D5: Disabled | F5: Bene State of Residence | G5: All | H5: Aged | I5: Disabled | K5: State | L5: All | M5: Aged | N5: Disabled | P5: State | Q5: All | R5: Aged | S5: Disabled | V5: State | W5: All | X5: Aged | Y5: Disabled | AA5: Calendar year | AB5: HI | AC5: Part B | AD5: Part D | AE5: Total | AF5: HI and Part B1 | AG5: HI | AH5: Part B | AI5: Part D | AJ5: Total | AK5: HI and Part B1
A6: ALABAMA | B6: 703301 | C6: 534080 | D6: 169221 | F6: ALABAMA | G6: 6133117302 | H6: 4699953264 | I6: 1433164038 | K6: ALABAMA | L6: =SUM(G6/B6) -> 8720.4729 | M6: =SUM(H6/C6) -> 8800.0922 | N6: =SUM(I6/D6) -> 8469.1855 | P6: ALABAMA | Q6: =(L6*$AK$9)+L6 -> 8690.9091 | R6: =(M6*$AK$9)+M6 -> 8770.2585 | S6: =(N6*$AK$9)+N6 -> 8440.4736 | V6: ALABAMA | W6: =SUM(Q6+$AH$48) -> 9890.3931 | X6: =SUM(R6+$AH$48) -> 9969.7425 | Y6: =SUM(S6+$AH$48) -> 9639.9576
A7: ALASKA | B7: 72293 | C7: 59707 | D7: 12586 | F7: ALASKA | G7: 512317575 | H7: 400708866 | I7: 111608709 | K7: ALASKA | L7: =SUM(G7/B7) -> 7086.683 | M7: =SUM(H7/C7) -> 6711.2544 | N7: =SUM(I7/D7) -> 8867.687 | P7: ALASKA | Q7: =(L7*$AK$9)+L7 -> 7062.658 | R7: =(M7*$AK$9)+M7 -> 6688.5022 | S7: =(N7*$AK$9)+N7 -> 8837.6242 | V7: ALASKA | W7: =SUM(Q7+$AH$48) -> 8262.142 | X7: =SUM(R7+$AH$48) -> 7887.9862 | Y7: =SUM(S7+$AH$48) -> 10037.108 | AA7: 2012 | AB7: 5227 | AC7: 5097 | AD7: 1779 | AE7: =SUM(AB7:AD7) -> 12103 | AF7: =AB7+AC7 -> 10324
A8: ARIZONA | B8: 637821 | C8: 549768 | D8: 88053 | F8: ARIZONA | G8: 5576152872 | H8: 4757463592 | I8: 818689279 | K8: ARIZONA | L8: =SUM(G8/B8) -> 8742.5044 | M8: =SUM(H8/C8) -> 8653.584 | N8: =SUM(I8/D8) -> 9297.6875 | P8: ARIZONA | Q8: =(L8*$AK$9)+L8 -> 8712.8659 | R8: =(M8*$AK$9)+M8 -> 8624.247 | S8: =(N8*$AK$9)+N8 -> 9266.1669 | V8: ARIZONA | W8: =SUM(Q8+$AH$48) -> 9912.3499 | X8: =SUM(R8+$AH$48) -> 9823.731 | Y8: =SUM(S8+$AH$48) -> 10465.651 | AA8: Intermediate estimates from 2013 Medicare Trustees Report
A9: ARKANSAS | B9: 466353 | C9: 358690 | D9: 107663 | F9: ARKANSAS | G9: 3736766894 | H9: 2909310836 | I9: 827456058 | K9: ARKANSAS | L9: =SUM(G9/B9) -> 8012.7433 | M9: =SUM(H9/C9) -> 8110.9338 | N9: =SUM(I9/D9) -> 7685.6121 | P9: ARKANSAS | Q9: =(L9*$AK$9)+L9 -> 7985.5789 | R9: =(M9*$AK$9)+M9 -> 8083.4364 | S9: =(N9*$AK$9)+N9 -> 7659.5567 | V9: ARKANSAS | W9: =SUM(Q9+$AH$48) -> 9185.0629 | X9: =SUM(R9+$AH$48) -> 9282.9204 | Y9: =SUM(S9+$AH$48) -> 8859.0407 | AA9: 2013 | AB9: 5134 | AC9: 5155 | AD9: 1846 | AE9: =SUM(AB9:AD9) -> 12135 | AF9: =AB9+AC9 -> 10289 | AG9: =(AB9-AB7)/AB7 -> -0.017792233 | AH9: =(AC9-AC7)/AC7 -> 0.011379243 | AI9: =(AD9-AD7)/AD7 -> 0.037661608 | AJ9: =(AE9-AE7)/AE7 -> 0.0026439726 | AK9: =(AF9-AF7)/AF7 -> -0.0033901589
A10: CALIFORNIA | B10: 3260093 | C10: 2701732 | D10: 558361 | F10: CALIFORNIA | G10: 31883395651 | H10: 25831335719 | I10: 6052059932 | K10: CALIFORNIA | L10: =SUM(G10/B10) -> 9779.9037 | M10: =SUM(H10/C10) -> 9561.0282 | N10: =SUM(I10/D10) -> 10838.973 | P10: CALIFORNIA | Q10: =(L10*$AK$9)+L10 -> 9746.7483 | R10: =(M10*$AK$9)+M10 -> 9528.6148 | S10: =(N10*$AK$9)+N10 -> 10802.227 | V10: CALIFORNIA | W10: =SUM(Q10+$AH$48) -> 10946.232 | X10: =SUM(R10+$AH$48) -> 10728.099 | Y10: =SUM(S10+$AH$48) -> 12001.711
A11: COLORADO | B11: 452639 | C11: 377123 | D11: 75516 | F11: COLORADO | G11: 3782630371 | H11: 3111662962 | I11: 670967409 | K11: COLORADO | L11: =SUM(G11/B11) -> 8356.8371 | M11: =SUM(H11/C11) -> 8251.0559 | N11: =SUM(I11/D11) -> 8885.1026 | P11: COLORADO | Q11: =(L11*$AK$9)+L11 -> 8328.5061 | R11: =(M11*$AK$9)+M11 -> 8223.0835 | S11: =(N11*$AK$9)+N11 -> 8854.9807 | V11: COLORADO | W11: =SUM(Q11+$AH$48) -> 9527.9901 | X11: =SUM(R11+$AH$48) -> 9422.5675 | Y11: =SUM(S11+$AH$48) -> 10054.465 | AA11: Source:
A12: CONNECTICUT | B12: 466382 | C12: 395225 | D12: 71157 | F12: CONNECTICUT | G12: 4823006391 | H12: 4044312049 | I12: 778694341 | K12: CONNECTICUT | L12: =SUM(G12/B12) -> 10341.322 | M12: =SUM(H12/C12) -> 10232.936 | N12: =SUM(I12/D12) -> 10943.327 | P12: CONNECTICUT | Q12: =(L12*$AK$9)+L12 -> 10306.263 | R12: =(M12*$AK$9)+M12 -> 10198.245 | S12: =(N12*$AK$9)+N12 -> 10906.228 | V12: CONNECTICUT | W12: =SUM(Q12+$AH$48) -> 11505.747 | X12: =SUM(R12+$AH$48) -> 11397.729 | Y12: =SUM(S12+$AH$48) -> 12105.712 | AA12: 2013 Medicare Trustees Report
A13: DELAWARE | B13: 152812 | C13: 127825 | D13: 24987 | F13: DELAWARE | G13: 1458940922 | H13: 1207924106 | I13: 251016815 | K13: DELAWARE | L13: =SUM(G13/B13) -> 9547.2929 | M13: =SUM(H13/C13) -> 9449.8268 | N13: =SUM(I13/D13) -> 10045.896 | P13: DELAWARE | Q13: =(L13*$AK$9)+L13 -> 9514.9261 | R13: =(M13*$AK$9)+M13 -> 9417.7903 | S13: =(N13*$AK$9)+N13 -> 10011.839 | V13: DELAWARE | W13: =SUM(Q13+$AH$48) -> 10714.41 | X13: =SUM(R13+$AH$48) -> 10617.274 | Y13: =SUM(S13+$AH$48) -> 11211.323 | AA13: http://www.cms.gov/Research-Statistics-Data-and-Systems/Statistics-Trends-and-Reports/ReportsTrustFunds/index.html?redirect=/reportstrustfunds
A14: DISTRICT OF COLUMBIA | B14: 74137 | C14: 60430 | D14: 13707 | F14: DISTRICT OF COLUMBIA | G14: 777626821 | H14: 572572495 | I14: 205054326 | K14: DISTRICT OF COLUMBIA | L14: =SUM(G14/B14) -> 10489.052 | M14: =SUM(H14/C14) -> 9474.971 | N14: =SUM(I14/D14) -> 14959.825 | P14: DISTRICT OF COLUMBIA | Q14: =(L14*$AK$9)+L14 -> 10453.492 | R14: =(M14*$AK$9)+M14 -> 9442.8493 | S14: =(N14*$AK$9)+N14 -> 14909.109 | V14: DISTRICT OF COLUMBIA | W14: =SUM(Q14+$AH$48) -> 11652.976 | X14: =SUM(R14+$AH$48) -> 10642.333 | Y14: =SUM(S14+$AH$48) -> 16108.593
A15: FLORIDA | B15: 2392445 | C15: 2040188 | D15: 352257 | F15: FLORIDA | G15: 25551853964 | H15: 21572265244 | I15: 3979588720 | K15: FLORIDA | L15: =SUM(G15/B15) -> 10680.226 | M15: =SUM(H15/C15) -> 10573.665 | N15: =SUM(I15/D15) -> 11297.401 | P15: FLORIDA | Q15: =(L15*$AK$9)+L15 -> 10644.019 | R15: =(M15*$AK$9)+M15 -> 10537.819 | S15: =(N15*$AK$9)+N15 -> 11259.101 | V15: FLORIDA | W15: =SUM(Q15+$AH$48) -> 11843.503 | X15: =SUM(R15+$AH$48) -> 11737.303 | Y15: =SUM(S15+$AH$48) -> 12458.585
A16: GEORGIA | B16: 1026123 | C16: 809209 | D16: 216914 | F16: GEORGIA | G16: 9047440852 | H16: 6855602926 | I16: 2191837926 | K16: GEORGIA | L16: =SUM(G16/B16) -> 8817.1114 | M16: =SUM(H16/C16) -> 8471.9806 | N16: =SUM(I16/D16) -> 10104.64 | P16: GEORGIA | Q16: =(L16*$AK$9)+L16 -> 8787.22 | R16: =(M16*$AK$9)+M16 -> 8443.2592 | S16: =(N16*$AK$9)+N16 -> 10070.384 | V16: GEORGIA | W16: =SUM(Q16+$AH$48) -> 9986.7041 | X16: =SUM(R16+$AH$48) -> 9642.7432 | Y16: =SUM(S16+$AH$48) -> 11269.868
A17: HAWAII | B17: 122803 | C17: 107046 | D17: 15757 | F17: HAWAII | G17: 803597107 | H17: 672063258 | I17: 131533849 | K17: HAWAII | L17: =SUM(G17/B17) -> 6543.7905 | M17: =SUM(H17/C17) -> 6278.266 | N17: =SUM(I17/D17) -> 8347.6454 | P17: HAWAII | Q17: =(L17*$AK$9)+L17 -> 6521.606 | R17: =(M17*$AK$9)+M17 -> 6256.9816 | S17: =(N17*$AK$9)+N17 -> 8319.3456 | V17: HAWAII | W17: =SUM(Q17+$AH$48) -> 7721.09 | X17: =SUM(R17+$AH$48) -> 7456.4657 | Y17: =SUM(S17+$AH$48) -> 9518.8296
A18: IDAHO | B18: 174630 | C18: 142617 | D18: 32013 | F18: IDAHO | G18: 1284554934 | H18: 1047618218 | I18: 236936716 | K18: IDAHO | L18: =SUM(G18/B18) -> 7355.8663 | M18: =SUM(H18/C18) -> 7345.6756 | N18: =SUM(I18/D18) -> 7401.2656 | P18: IDAHO | Q18: =(L18*$AK$9)+L18 -> 7330.9288 | R18: =(M18*$AK$9)+M18 -> 7320.7726 | S18: =(N18*$AK$9)+N18 -> 7376.1741 | V18: IDAHO | W18: =SUM(Q18+$AH$48) -> 8530.4128 | X18: =SUM(R18+$AH$48) -> 8520.2566 | Y18: =SUM(S18+$AH$48) -> 8575.6582
A19: ILLINOIS | B19: 1734287 | C19: 1465259 | D19: 269028 | F19: ILLINOIS | G19: 16992123394 | H19: 13927604529 | I19: 3064518866 | K19: ILLINOIS | L19: =SUM(G19/B19) -> 9797.7575 | M19: =SUM(H19/C19) -> 9505.2168 | N19: =SUM(I19/D19) -> 11391.078 | P19: ILLINOIS | Q19: =(L19*$AK$9)+L19 -> 9764.5415 | R19: =(M19*$AK$9)+M19 -> 9472.9926 | S19: =(N19*$AK$9)+N19 -> 11352.46 | V19: ILLINOIS | W19: =SUM(Q19+$AH$48) -> 10964.026 | X19: =SUM(R19+$AH$48) -> 10672.477 | Y19: =SUM(S19+$AH$48) -> 12551.944
A20: INDIANA | B20: 858131 | C20: 692544 | D20: 165587 | F20: INDIANA | G20: 7712302110 | H20: 6127604193 | I20: 1584697916 | K20: INDIANA | L20: =SUM(G20/B20) -> 8987.3249 | M20: =SUM(H20/C20) -> 8847.9637 | N20: =SUM(I20/D20) -> 9570.1831 | P20: INDIANA | Q20: =(L20*$AK$9)+L20 -> 8956.8564 | R20: =(M20*$AK$9)+M20 -> 8817.9677 | S20: =(N20*$AK$9)+N20 -> 9537.7387 | V20: INDIANA | W20: =SUM(Q20+$AH$48) -> 10156.34 | X20: =SUM(R20+$AH$48) -> 10017.452 | Y20: =SUM(S20+$AH$48) -> 10737.223
A21: IOWA | B21: 462504 | C21: 394657 | D21: 67847 | F21: IOWA | G21: 3667203765 | H21: 3081359492 | I21: 585844273 | K21: IOWA | L21: =SUM(G21/B21) -> 7929.0206 | M21: =SUM(H21/C21) -> 7807.6899 | N21: =SUM(I21/D21) -> 8634.7852 | P21: IOWA | Q21: =(L21*$AK$9)+L21 -> 7902.14 | R21: =(M21*$AK$9)+M21 -> 7781.2206 | S21: =(N21*$AK$9)+N21 -> 8605.5119 | V21: IOWA | W21: =SUM(Q21+$AH$48) -> 9101.624 | X21: =SUM(R21+$AH$48) -> 8980.7046 | Y21: =SUM(S21+$AH$48) -> 9804.9959 | AA21: 2012 Medicare Trustees Report: Table V.D1.—HI and SMI Average per Beneficiary Costs
A22: KANSAS | B22: 398123 | C22: 333192 | D22: 64931 | F22: KANSAS | G22: 3328057656 | H22: 2750878953 | I22: 577178703 | K22: KANSAS | L22: =SUM(G22/B22) -> 8359.3705 | M22: =SUM(H22/C22) -> 8256.1375 | N22: =SUM(I22/D22) -> 8889.1085 | P22: KANSAS | Q22: =(L22*$AK$9)+L22 -> 8331.0309 | R22: =(M22*$AK$9)+M22 -> 8228.1478 | S22: =(N22*$AK$9)+N22 -> 8858.973 | V22: KANSAS | W22: =SUM(Q22+$AH$48) -> 9530.5149 | X22: =SUM(R22+$AH$48) -> 9427.6319 | Y22: =SUM(S22+$AH$48) -> 10058.457 | AB22: Average per beneficiary costs | AG22: Average percent change
A23: KENTUCKY | B23: 664463 | C23: 485238 | D23: 179225 | F23: KENTUCKY | G23: 5849307715 | H23: 4321792966 | I23: 1527514749 | K23: KENTUCKY | L23: =SUM(G23/B23) -> 8803.0601 | M23: =SUM(H23/C23) -> 8906.5427 | N23: =SUM(I23/D23) -> 8522.8888 | P23: KENTUCKY | Q23: =(L23*$AK$9)+L23 -> 8773.2163 | R23: =(M23*$AK$9)+M23 -> 8876.3481 | S23: =(N23*$AK$9)+N23 -> 8493.9949 | V23: KENTUCKY | W23: =SUM(Q23+$AH$48) -> 9972.7003 | X23: =SUM(R23+$AH$48) -> 10075.832 | Y23: =SUM(S23+$AH$48) -> 9693.4789 | AA23: Calendar year | AB23: HI | AC23: Part B | AD23: Part D | AE23: Total | AF23: HI and Part B1 | AG23: HI | AH23: Part B | AI23: Part D | AJ23: Total | AK23: HI and Part B1
A24: LOUISIANA | B24: 544421 | C24: 414684 | D24: 129737 | F24: LOUISIANA | G24: 5616574902 | H24: 4218390648 | I24: 1398184255 | K24: LOUISIANA | L24: =SUM(G24/B24) -> 10316.602 | M24: =SUM(H24/C24) -> 10172.543 | N24: =SUM(I24/D24) -> 10777.066 | P24: LOUISIANA | Q24: =(L24*$AK$9)+L24 -> 10281.627 | R24: =(M24*$AK$9)+M24 -> 10138.056 | S24: =(N24*$AK$9)+N24 -> 10740.53 | V24: LOUISIANA | W24: =SUM(Q24+$AH$48) -> 11481.111 | X24: =SUM(R24+$AH$48) -> 11337.54 | Y24: =SUM(S24+$AH$48) -> 11940.014
A25: MAINE | B25: 236812 | C25: 181208 | D25: 55604 | F25: MAINE | G25: 1853383930 | H25: 1459793211 | I25: 393590719 | K25: MAINE | L25: =SUM(G25/B25) -> 7826.3936 | M25: =SUM(H25/C25) -> 8055.8983 | N25: =SUM(I25/D25) -> 7078.4605 | P25: MAINE | Q25: =(L25*$AK$9)+L25 -> 7799.8609 | R25: =(M25*$AK$9)+M25 -> 8028.5875 | S25: =(N25*$AK$9)+N25 -> 7054.4634 | V25: MAINE | W25: =SUM(Q25+$AH$48) -> 8999.3449 | X25: =SUM(R25+$AH$48) -> 9228.0715 | Y25: =SUM(S25+$AH$48) -> 8253.9474 | AA25: 2011 | AB25: 5232 | AC25: 4940 | AD25: 1870 | AE25: =SUM(AB25:AD25) -> 12042 | AF25: =AB25+AC25 -> 10172
A26: MARYLAND | B26: 771574 | C26: 658255 | D26: 113319 | F26: MARYLAND | G26: 8511081796 | H26: 6857192743 | I26: 1653889053 | K26: MARYLAND | L26: =SUM(G26/B26) -> 11030.804 | M26: =SUM(H26/C26) -> 10417.228 | N26: =SUM(I26/D26) -> 14594.985 | P26: MARYLAND | Q26: =(L26*$AK$9)+L26 -> 10993.408 | R26: =(M26*$AK$9)+M26 -> 10381.912 | S26: =(N26*$AK$9)+N26 -> 14545.505 | V26: MARYLAND | W26: =SUM(Q26+$AH$48) -> 12192.892 | X26: =SUM(R26+$AH$48) -> 11581.396 | Y26: =SUM(S26+$AH$48) -> 15744.989 | AA26: Intermediate estimates from 2012 Medicare Trustees Report
A27: MASSACHUSETTS | B27: 921112 | C27: 730259 | D27: 190853 | F27: MASSACHUSETTS | G27: 9462216550 | H27: 7507478206 | I27: 1954738344 | K27: MASSACHUSETTS | L27: =SUM(G27/B27) -> 10272.602 | M27: =SUM(H27/C27) -> 10280.569 | N27: =SUM(I27/D27) -> 10242.115 | P27: MASSACHUSETTS | Q27: =(L27*$AK$9)+L27 -> 10237.776 | R27: =(M27*$AK$9)+M27 -> 10245.716 | S27: =(N27*$AK$9)+N27 -> 10207.392 | V27: MASSACHUSETTS | W27: =SUM(Q27+$AH$48) -> 11437.26 | X27: =SUM(R27+$AH$48) -> 11445.2 | Y27: =SUM(S27+$AH$48) -> 11406.876 | AA27: 2012 | AB27: 5291 | AC27: 5222 | AD27: 1838 | AE27: =SUM(AB27:AD27) -> 12351 | AF27: =AB27+AC27 -> 10513 | AG27: =(AB27-AB25)/AB25 -> 0.011276758 | AH27: =(AC27-AC25)/AC25 -> 0.05708502 | AI27: =(AD27-AD25)/AD25 -> -0.017112299 | AJ27: =(AE27-AE25)/AE25 -> 0.025660189 | AK27: =(AF27-AF25)/AF25 -> 0.033523398
A28: MICHIGAN | B28: 1303452 | C28: 1013858 | D28: 289594 | F28: MICHIGAN | G28: 13305439117 | H28: 10314066705 | I28: 2991372411 | K28: MICHIGAN | L28: =SUM(G28/B28) -> 10207.847 | M28: =SUM(H28/C28) -> 10173.088 | N28: =SUM(I28/D28) -> 10329.539 | P28: MICHIGAN | Q28: =(L28*$AK$9)+L28 -> 10173.241 | R28: =(M28*$AK$9)+M28 -> 10138.6 | S28: =(N28*$AK$9)+N28 -> 10294.52 | V28: MICHIGAN | W28: =SUM(Q28+$AH$48) -> 11372.725 | X28: =SUM(R28+$AH$48) -> 11338.084 | Y28: =SUM(S28+$AH$48) -> 11494.004
A29: MINNESOTA | B29: 444222 | C29: 339716 | D29: 104506 | F29: MINNESOTA | G29: 4693619101 | H29: 3655675778 | I29: 1037943324 | K29: MINNESOTA | L29: =SUM(G29/B29) -> 10565.931 | M29: =SUM(H29/C29) -> 10760.976 | N29: =SUM(I29/D29) -> 9931.9017 | P29: MINNESOTA | Q29: =(L29*$AK$9)+L29 -> 10530.111 | R29: =(M29*$AK$9)+M29 -> 10724.495 | S29: =(N29*$AK$9)+N29 -> 9898.231 | V29: MINNESOTA | W29: =SUM(Q29+$AH$48) -> 11729.595 | X29: =SUM(R29+$AH$48) -> 11923.979 | Y29: =SUM(S29+$AH$48) -> 11097.715
A30: MISSISSIPPI | B30: 463818 | C30: 348227 | D30: 115591 | F30: MISSISSIPPI | G30: 4321859052 | H30: 3198379029 | I30: 1123480023 | K30: MISSISSIPPI | L30: =SUM(G30/B30) -> 9318.0063 | M30: =SUM(H30/C30) -> 9184.7531 | N30: =SUM(I30/D30) -> 9719.442 | P30: MISSISSIPPI | Q30: =(L30*$AK$9)+L30 -> 9286.4168 | R30: =(M30*$AK$9)+M30 -> 9153.6154 | S30: =(N30*$AK$9)+N30 -> 9686.4916 | V30: MISSISSIPPI | W30: =SUM(Q30+$AH$48) -> 10485.901 | X30: =SUM(R30+$AH$48) -> 10353.099 | Y30: =SUM(S30+$AH$48) -> 10885.976
A31: MISSOURI | B31: 812483 | C31: 637662 | D31: 174821 | F31: MISSOURI | G31: 7136773600 | H31: 5550875599 | I31: 1585898001 | K31: MISSOURI | L31: =SUM(G31/B31) -> 8783.9051 | M31: =SUM(H31/C31) -> 8705.0437 | N31: =SUM(I31/D31) -> 9071.5532 | P31: MISSOURI | Q31: =(L31*$AK$9)+L31 -> 8754.1263 | R31: =(M31*$AK$9)+M31 -> 8675.5323 | S31: =(N31*$AK$9)+N31 -> 9040.7992 | V31: MISSOURI | W31: =SUM(Q31+$AH$48) -> 9953.6103 | X31: =SUM(R31+$AH$48) -> 9875.0163 | Y31: =SUM(S31+$AH$48) -> 10240.283 | AA31: 2011 Medicare Trustees Report: Table V.D1.—HI and SMI Average per Beneficiary Costs
A32: MONTANA | B32: 152714 | C32: 128594 | D32: 24120 | F32: MONTANA | G32: 1097844713 | H32: 925953026 | I32: 171891687 | K32: MONTANA | L32: =SUM(G32/B32) -> 7188.8937 | M32: =SUM(H32/C32) -> 7200.5928 | N32: =SUM(I32/D32) -> 7126.521 | P32: MONTANA | Q32: =(L32*$AK$9)+L32 -> 7164.5222 | R32: =(M32*$AK$9)+M32 -> 7176.1816 | S32: =(N32*$AK$9)+N32 -> 7102.361 | V32: MONTANA | W32: =SUM(Q32+$AH$48) -> 8364.0062 | X32: =SUM(R32+$AH$48) -> 8375.6656 | Y32: =SUM(S32+$AH$48) -> 8301.845 | AB32: Average per beneficiary costs | AG32: Average percent change
A33: NEBRASKA | B33: 254656 | C33: 218889 | D33: 35767 | F33: NEBRASKA | G33: 2166554120 | H33: 1840506369 | I33: 326047751 | K33: NEBRASKA | L33: =SUM(G33/B33) -> 8507.7678 | M33: =SUM(H33/C33) -> 8408.4005 | N33: =SUM(I33/D33) -> 9115.882 | P33: NEBRASKA | Q33: =(L33*$AK$9)+L33 -> 8478.9251 | R33: =(M33*$AK$9)+M33 -> 8379.8946 | S33: =(N33*$AK$9)+N33 -> 9084.9777 | V33: NEBRASKA | W33: =SUM(Q33+$AH$48) -> 9678.4091 | X33: =SUM(R33+$AH$48) -> 9579.3787 | Y33: =SUM(S33+$AH$48) -> 10284.462 | AA33: Calendar year | AB33: HI | AC33: Part B | AD33: Part D | AE33: Total | AF33: HI and Part B1 | AG33: HI | AH33: Part B | AI33: Part D | AJ33: Total | AK33: HI and Part B1
A34: NEVADA | B34: 270133 | C34: 224654 | D34: 45479 | F34: NEVADA | G34: 2562331672 | H34: 2109063117 | I34: 453268555 | K34: NEVADA | L34: =SUM(G34/B34) -> 9485.4448 | M34: =SUM(H34/C34) -> 9388.0506 | N34: =SUM(I34/D34) -> 9966.5462 | P34: NEVADA | Q34: =(L34*$AK$9)+L34 -> 9453.2877 | R34: =(M34*$AK$9)+M34 -> 9356.2236 | S34: =(N34*$AK$9)+N34 -> 9932.758 | V34: NEVADA | W34: =SUM(Q34+$AH$48) -> 10652.772 | X34: =SUM(R34+$AH$48) -> 10555.708 | Y34: =SUM(S34+$AH$48) -> 11132.242
A35: NEW HAMPSHIRE | B35: 227319 | C35: 184413 | D35: 42906 | F35: NEW HAMPSHIRE | G35: 1845896343 | H35: 1505801467 | I35: 340094876 | K35: NEW HAMPSHIRE | L35: =SUM(G35/B35) -> 8120.2906 | M35: =SUM(H35/C35) -> 8165.3759 | N35: =SUM(I35/D35) -> 7926.5109 | P35: NEW HAMPSHIRE | Q35: =(L35*$AK$9)+L35 -> 8092.7615 | R35: =(M35*$AK$9)+M35 -> 8137.694 | S35: =(N35*$AK$9)+N35 -> 7899.6388 | V35: NEW HAMPSHIRE | W35: =SUM(Q35+$AH$48) -> 9292.2456 | X35: =SUM(R35+$AH$48) -> 9337.178 | Y35: =SUM(S35+$AH$48) -> 9099.1228 | AA35: 2009 | AB35: 5172 | AC35: 4721 | AD35: 1798 | AE35: 11691 | AF35: 9893
A36: NEW JERSEY | B36: 1188224 | C36: 1024396 | D36: 163828 | F36: NEW JERSEY | G36: 12596423922 | H36: 10641714112 | I36: 1954709810 | K36: NEW JERSEY | L36: =SUM(G36/B36) -> 10601.052 | M36: =SUM(H36/C36) -> 10388.282 | N36: =SUM(I36/D36) -> 11931.476 | P36: NEW JERSEY | Q36: =(L36*$AK$9)+L36 -> 10565.112 | R36: =(M36*$AK$9)+M36 -> 10353.064 | S36: =(N36*$AK$9)+N36 -> 11891.026 | V36: NEW JERSEY | W36: =SUM(Q36+$AH$48) -> 11764.596 | X36: =SUM(R36+$AH$48) -> 11552.548 | Y36: =SUM(S36+$AH$48) -> 13090.51 | AA36: Intermediate estimates from 2010 Medicare Trustees Report
A37: NEW MEXICO | B37: 243612 | C37: 193391 | D37: 50221 | F37: NEW MEXICO | G37: 1738428524 | H37: 1310421737 | I37: 428006787 | K37: NEW MEXICO | L37: =SUM(G37/B37) -> 7136.0546 | M37: =SUM(H37/C37) -> 6776.0223 | N37: =SUM(I37/D37) -> 8522.4664 | P37: NEW MEXICO | Q37: =(L37*$AK$9)+L37 -> 7111.8622 | R37: =(M37*$AK$9)+M37 -> 6753.0506 | S37: =(N37*$AK$9)+N37 -> 8493.5739 | V37: NEW MEXICO | W37: =SUM(Q37+$AH$48) -> 8311.3462 | X37: =SUM(R37+$AH$48) -> 7952.5346 | Y37: =SUM(S37+$AH$48) -> 9693.0579 | AA37: 2011 | AB37: 5232 | AC37: 4940 | AD37: 1870 | AE37: 12042 | AF37: 10172 | AG37: 0.011600928 | AH37: 0.046388477 | AI37: 0.040044494 | AJ37: 0.030023095 | AK37: 0.028201759
A38: NEW YORK | B38: 2115972 | C38: 1719263 | D38: 396709 | F38: NEW YORK | G38: 21597830248 | H38: 17540271337 | I38: 4057558911 | K38: NEW YORK | L38: =SUM(G38/B38) -> 10207.049 | M38: =SUM(H38/C38) -> 10202.204 | N38: =SUM(I38/D38) -> 10228.049 | P38: NEW YORK | Q38: =(L38*$AK$9)+L38 -> 10172.446 | R38: =(M38*$AK$9)+M38 -> 10167.617 | S38: =(N38*$AK$9)+N38 -> 10193.374 | V38: NEW YORK | W38: =SUM(Q38+$AH$48) -> 11371.93 | X38: =SUM(R38+$AH$48) -> 11367.101 | Y38: =SUM(S38+$AH$48) -> 11392.858
A39: NORTH CAROLINA | B39: 1295760 | C39: 1030888 | D39: 264872 | F39: NORTH CAROLINA | G39: 11124364761 | H39: 8638456239 | I39: 2485908522 | K39: NORTH CAROLINA | L39: =SUM(G39/B39) -> 8585.2046 | M39: =SUM(H39/C39) -> 8379.6263 | N39: =SUM(I39/D39) -> 9385.3202 | P39: NORTH CAROLINA | Q39: =(L39*$AK$9)+L39 -> 8556.0994 | R39: =(M39*$AK$9)+M39 -> 8351.2181 | S39: =(N39*$AK$9)+N39 -> 9353.5024 | V39: NORTH CAROLINA | W39: =SUM(Q39+$AH$48) -> 9755.5834 | X39: =SUM(R39+$AH$48) -> 9550.7021 | Y39: =SUM(S39+$AH$48) -> 10552.986
A40: NORTH DAKOTA | B40: 98505 | C40: 84846 | D40: 13659 | F40: NORTH DAKOTA | G40: 804686363 | H40: 692451879 | I40: 112234484 | K40: NORTH DAKOTA | L40: =SUM(G40/B40) -> 8168.99 | M40: =SUM(H40/C40) -> 8161.279 | N40: =SUM(I40/D40) -> 8216.8888 | P40: NORTH DAKOTA | Q40: =(L40*$AK$9)+L40 -> 8141.2959 | R40: =(M40*$AK$9)+M40 -> 8133.611 | S40: =(N40*$AK$9)+N40 -> 8189.0322 | V40: NORTH DAKOTA | W40: =SUM(Q40+$AH$48) -> 9340.7799 | X40: =SUM(R40+$AH$48) -> 9333.095 | Y40: =SUM(S40+$AH$48) -> 9388.5162 | AA40: 2013 Medicare Trustees Report:Table III.D3.—Operations of the Part D Account in the SMI Trust
A41: OHIO | B41: 1280307 | C41: 1001080 | D41: 279227 | F41: OHIO | G41: 12431127300 | H41: 9630241365 | I41: 2800885935 | K41: OHIO | L41: =SUM(G41/B41) -> 9709.4894 | M41: =SUM(H41/C41) -> 9619.8519 | N41: =SUM(I41/D41) -> 10030.856 | P41: OHIO | Q41: =(L41*$AK$9)+L41 -> 9676.5727 | R41: =(M41*$AK$9)+M41 -> 9587.2391 | S41: =(N41*$AK$9)+N41 -> 9996.8502 | V41: OHIO | W41: =SUM(Q41+$AH$48) -> 10876.057 | X41: =SUM(R41+$AH$48) -> 10786.723 | Y41: =SUM(S41+$AH$48) -> 11196.334 | AA41: 2013 | AB41: Total Expenditures | AD41: 72200000000
A42: OKLAHOMA | B42: 534579 | C42: 427172 | D42: 107407 | F42: OKLAHOMA | G42: 4785097166 | H42: 3795011155 | I42: 990086011 | K42: OKLAHOMA | L42: =SUM(G42/B42) -> 8951.1507 | M42: =SUM(H42/C42) -> 8884.0354 | N42: =SUM(I42/D42) -> 9218.0771 | P42: OKLAHOMA | Q42: =(L42*$AK$9)+L42 -> 8920.8048 | R42: =(M42*$AK$9)+M42 -> 8853.9171 | S42: =(N42*$AK$9)+N42 -> 9186.8264 | V42: OKLAHOMA | W42: =SUM(Q42+$AH$48) -> 10120.289 | X42: =SUM(R42+$AH$48) -> 10053.401 | Y42: =SUM(S42+$AH$48) -> 10386.31 | AA42: 2013 | AB42: Premium Income | AD42: 9900000000
A43: OREGON | B43: 395980 | C43: 324032 | D43: 71948 | F43: OREGON | G43: 2861581967 | H43: 2329893073 | I43: 531688894 | K43: OREGON | L43: =SUM(G43/B43) -> 7226.5821 | M43: =SUM(H43/C43) -> 7190.3178 | N43: =SUM(I43/D43) -> 7389.9051 | P43: OREGON | Q43: =(L43*$AK$9)+L43 -> 7202.0828 | R43: =(M43*$AK$9)+M43 -> 7165.9415 | S43: =(N43*$AK$9)+N43 -> 7364.8522 | V43: OREGON | W43: =SUM(Q43+$AH$48) -> 8401.5668 | X43: =SUM(R43+$AH$48) -> 8365.4255 | Y43: =SUM(S43+$AH$48) -> 8564.3362 | AA43: 2013 | AB43: Net Expenditures | AD43: =SUM(AD41-AD42) -> 62300000000
A44: PENNSYLVANIA | B44: 1468289 | C44: 1190332 | D44: 277957 | F44: PENNSYLVANIA | G44: 14093193051 | H44: 11470770930 | I44: 2622422121 | K44: PENNSYLVANIA | L44: =SUM(G44/B44) -> 9598.3781 | M44: =SUM(H44/C44) -> 9636.6148 | N44: =SUM(I44/D44) -> 9434.6324 | P44: PENNSYLVANIA | Q44: =(L44*$AK$9)+L44 -> 9565.8381 | R44: =(M44*$AK$9)+M44 -> 9603.9451 | S44: =(N44*$AK$9)+N44 -> 9402.6475 | V44: PENNSYLVANIA | W44: =SUM(Q44+$AH$48) -> 10765.322 | X44: =SUM(R44+$AH$48) -> 10803.429 | Y44: =SUM(S44+$AH$48) -> 10602.132
A45: RHODE ISLAND | B45: 124586 | C45: 94752 | D45: 29834 | F45: RHODE ISLAND | G45: 1042262882 | H45: 810158544 | I45: 232104339 | K45: RHODE ISLAND | L45: =SUM(G45/B45) -> 8365.8106 | M45: =SUM(H45/C45) -> 8550.3055 | N45: =SUM(I45/D45) -> 7779.8599 | P45: RHODE ISLAND | Q45: =(L45*$AK$9)+L45 -> 8337.4492 | R45: =(M45*$AK$9)+M45 -> 8521.3186 | S45: =(N45*$AK$9)+N45 -> 7753.4849 | V45: RHODE ISLAND | W45: =SUM(Q45+$AH$48) -> 9536.9332 | X45: =SUM(R45+$AH$48) -> 9720.8026 | Y45: =SUM(S45+$AH$48) -> 8952.9689
A46: SOUTH CAROLINA | B46: 687870 | C46: 553826 | D46: 134044 | F46: SOUTH CAROLINA | G46: 6098189481 | H46: 4816746199 | I46: 1281443282 | K46: SOUTH CAROLINA | L46: =SUM(G46/B46) -> 8865.3226 | M46: =SUM(H46/C46) -> 8697.2193 | N46: =SUM(I46/D46) -> 9559.8705 | P46: SOUTH CAROLINA | Q46: =(L46*$AK$9)+L46 -> 8835.2678 | R46: =(M46*$AK$9)+M46 -> 8667.7344 | S46: =(N46*$AK$9)+N46 -> 9527.461 | V46: SOUTH CAROLINA | W46: =SUM(Q46+$AH$48) -> 10034.752 | X46: =SUM(R46+$AH$48) -> 9867.2184 | Y46: =SUM(S46+$AH$48) -> 10726.945 | AA46: 2013 Medicare Trustees Report:Table V.B4.—Medicare Enrollment
A47: SOUTH DAKOTA | B47: 124766 | C47: 107422 | D47: 17344 | F47: SOUTH DAKOTA | G47: 995703531 | H47: 851910751 | I47: 143792780 | K47: SOUTH DAKOTA | L47: =SUM(G47/B47) -> 7980.5679 | M47: =SUM(H47/C47) -> 7930.5054 | N47: =SUM(I47/D47) -> 8290.6354 | P47: SOUTH DAKOTA | Q47: =(L47*$AK$9)+L47 -> 7953.5125 | R47: =(M47*$AK$9)+M47 -> 7903.6197 | S47: =(N47*$AK$9)+N47 -> 8262.5288 | V47: SOUTH DAKOTA | W47: =SUM(Q47+$AH$48) -> 9152.9965 | X47: =SUM(R47+$AH$48) -> 9103.1037 | Y47: =SUM(S47+$AH$48) -> 9462.0128 | AA47: 2013 | AB47: HI Part A | AH47: 51939000
A48: TENNESSEE | B48: 820954 | C48: 646242 | D48: 174712 | F48: TENNESSEE | G48: 7181139850 | H48: 5598492630 | I48: 1582647220 | K48: TENNESSEE | L48: =SUM(G48/B48) -> 8747.3109 | M48: =SUM(H48/C48) -> 8663.1519 | N48: =SUM(I48/D48) -> 9058.6063 | P48: TENNESSEE | Q48: =(L48*$AK$9)+L48 -> 8717.6561 | R48: =(M48*$AK$9)+M48 -> 8633.7825 | S48: =(N48*$AK$9)+N48 -> 9027.8962 | V48: TENNESSEE | W48: =SUM(Q48+$AH$48) -> 9917.1401 | X48: =SUM(R48+$AH$48) -> 9833.2665 | Y48: =SUM(S48+$AH$48) -> 10227.38 | AA48: 2013 | AB48: Part D Expenditures per Medicare Part A Enrolle Net Premiums Paid | AH48: =SUM(AD43/AH47) -> 1199.484
A49: TEXAS | B49: 2514748 | C49: 2079138 | D49: 435610 | F49: TEXAS | G49: 26231134544 | H49: 20708078397 | I49: 5523056147 | K49: TEXAS | L49: =SUM(G49/B49) -> 10430.92 | M49: =SUM(H49/C49) -> 9959.9345 | N49: =SUM(I49/D49) -> 12678.901 | P49: TEXAS | Q49: =(L49*$AK$9)+L49 -> 10395.557 | R49: =(M49*$AK$9)+M49 -> 9926.1688 | S49: =(N49*$AK$9)+N49 -> 12635.918 | V49: TEXAS | W49: =SUM(Q49+$AH$48) -> 11595.041 | X49: =SUM(R49+$AH$48) -> 11125.653 | Y49: =SUM(S49+$AH$48) -> 13835.402
A50: UTAH | B50: 199282 | C50: 167682 | D50: 31600 | F50: UTAH | G50: 1651965434 | H50: 1331034643 | I50: 320930791 | K50: UTAH | L50: =SUM(G50/B50) -> 8289.5868 | M50: =SUM(H50/C50) -> 7937.8505 | N50: =SUM(I50/D50) -> 10156.038 | P50: UTAH | Q50: =(L50*$AK$9)+L50 -> 8261.4838 | R50: =(M50*$AK$9)+M50 -> 7910.9399 | S50: =(N50*$AK$9)+N50 -> 10121.607 | V50: UTAH | W50: =SUM(Q50+$AH$48) -> 9460.9678 | X50: =SUM(R50+$AH$48) -> 9110.4239 | Y50: =SUM(S50+$AH$48) -> 11321.091 | AA50: Source:
A51: VERMONT | B51: 111647 | C51: 90572 | D51: 21075 | F51: VERMONT | G51: 887070764 | H51: 711688962 | I51: 175381802 | K51: VERMONT | L51: =SUM(G51/B51) -> 7945.3166 | M51: =SUM(H51/C51) -> 7857.715 | N51: =SUM(I51/D51) -> 8321.7937 | P51: VERMONT | Q51: =(L51*$AK$9)+L51 -> 7918.3807 | R51: =(M51*$AK$9)+M51 -> 7831.0761 | S51: =(N51*$AK$9)+N51 -> 8293.5815 | V51: VERMONT | W51: =SUM(Q51+$AH$48) -> 9117.8647 | X51: =SUM(R51+$AH$48) -> 9030.5601 | Y51: =SUM(S51+$AH$48) -> 9493.0655 | AA51: 2013 Medicare Trustees Report
A52: VIRGINIA | B52: 1040850 | C52: 872156 | D52: 168694 | F52: VIRGINIA | G52: 8332464296 | H52: 6863803186 | I52: 1468661110 | K52: VIRGINIA | L52: =SUM(G52/B52) -> 8005.442 | M52: =SUM(H52/C52) -> 7869.926 | N52: =SUM(I52/D52) -> 8706.0661 | P52: VIRGINIA | Q52: =(L52*$AK$9)+L52 -> 7978.3023 | R52: =(M52*$AK$9)+M52 -> 7843.2457 | S52: =(N52*$AK$9)+N52 -> 8676.5511 | V52: VIRGINIA | W52: =SUM(Q52+$AH$48) -> 9177.7863 | X52: =SUM(R52+$AH$48) -> 9042.7297 | Y52: =SUM(S52+$AH$48) -> 9876.0351 | AA52: http://www.cms.gov/Research-Statistics-Data-and-Systems/Statistics-Trends-and-Reports/ReportsTrustFunds/index.html?redirect=/reportstrustfunds
A53: WASHINGTON | B53: 758852 | C53: 627322 | D53: 131530 | F53: WASHINGTON | G53: 5817824027 | H53: 4754932234 | I53: 1062891793 | K53: WASHINGTON | L53: =SUM(G53/B53) -> 7666.6122 | M53: =SUM(H53/C53) -> 7579.7314 | N53: =SUM(I53/D53) -> 8080.9838 | P53: WASHINGTON | Q53: =(L53*$AK$9)+L53 -> 7640.6212 | R53: =(M53*$AK$9)+M53 -> 7554.0349 | S53: =(N53*$AK$9)+N53 -> 8053.5879 | V53: WASHINGTON | W53: =SUM(Q53+$AH$48) -> 8840.1052 | X53: =SUM(R53+$AH$48) -> 8753.5189 | Y53: =SUM(S53+$AH$48) -> 9253.0719
A54: WEST VIRGINIA | B54: 303324 | C54: 219727 | D54: 83597 | F54: WEST VIRGINIA | G54: 2688398251 | H54: 1996555026 | I54: 691843225 | K54: WEST VIRGINIA | L54: =SUM(G54/B54) -> 8863.1241 | M54: =SUM(H54/C54) -> 9086.5257 | N54: =SUM(I54/D54) -> 8275.9336 | P54: WEST VIRGINIA | Q54: =(L54*$AK$9)+L54 -> 8833.0767 | R54: =(M54*$AK$9)+M54 -> 9055.7209 | S54: =(N54*$AK$9)+N54 -> 8247.8769 | V54: WEST VIRGINIA | W54: =SUM(Q54+$AH$48) -> 10032.561 | X54: =SUM(R54+$AH$48) -> 10255.205 | Y54: =SUM(S54+$AH$48) -> 9447.3609
A55: WISCONSIN | B55: 655147 | C55: 530272 | D55: 124875 | F55: WISCONSIN | G55: 5391630382 | H55: 4344639505 | I55: 1046990877 | K55: WISCONSIN | L55: =SUM(G55/B55) -> 8229.6498 | M55: =SUM(H55/C55) -> 8193.2282 | N55: =SUM(I55/D55) -> 8384.3113 | P55: WISCONSIN | Q55: =(L55*$AK$9)+L55 -> 8201.75 | R55: =(M55*$AK$9)+M55 -> 8165.4519 | S55: =(N55*$AK$9)+N55 -> 8355.8872 | V55: WISCONSIN | W55: =SUM(Q55+$AH$48) -> 9401.234 | X55: =SUM(R55+$AH$48) -> 9364.9359 | Y55: =SUM(S55+$AH$48) -> 9555.3712
A56: WYOMING | B56: 80792 | C56: 69334 | D56: 11458 | F56: WYOMING | G56: 618656137 | H56: 542650519 | I56: 76005618 | K56: WYOMING | L56: =SUM(G56/B56) -> 7657.3935 | M56: =SUM(H56/C56) -> 7826.6149 | N56: =SUM(I56/D56) -> 6633.4105 | P56: WYOMING | Q56: =(L56*$AK$9)+L56 -> 7631.4337 | R56: =(M56*$AK$9)+M56 -> 7800.0815 | S56: =(N56*$AK$9)+N56 -> 6610.9222 | V56: WYOMING | W56: =SUM(Q56+$AH$48) -> 8830.9177 | X56: =SUM(R56+$AH$48) -> 8999.5655 | Y56: =SUM(S56+$AH$48) -> 7810.4062
A57: PUERTO RICO | B57: 217326 | C57: 162915 | D57: 54411 | F57: PUERTO RICO | G57: 626949394 | H57: 473236175 | I57: 153713219 | K57: PUERTO RICO | L57: =SUM(G57/B57) -> 2884.8338 | M57: =SUM(H57/C57) -> 2904.8042 | N57: =SUM(I57/D57) -> 2825.0394 | P57: PUERTO RICO | Q57: =(L57*$AK$9)+L57 -> 2875.0538 | R57: =(M57*$AK$9)+M57 -> 2894.9564 | S57: =(N57*$AK$9)+N57 -> 2815.4621 | V57: PUERTO RICO | W57: =SUM(Q57+$AH$48) -> 4074.5378 | X57: =SUM(R57+$AH$48) -> 4094.4405 | Y57: =SUM(S57+$AH$48) -> 4014.9461
A58: VIRGIN ISLANDS | B58: 17348 | C58: 15542 | D58: 1806 | F58: VIRGIN ISLANDS | G58: 81670905 | H58: 71730382 | I58: 9940523 | K58: VIRGIN ISLANDS | L58: =SUM(G58/B58) -> 4707.7995 | M58: =SUM(H58/C58) -> 4615.2607 | N58: =SUM(I58/D58) -> 5504.1656 | P58: VIRGIN ISLANDS | Q58: =(L58*$AK$9)+L58 -> 4691.8393 | R58: =(M58*$AK$9)+M58 -> 4599.6142 | S58: =(N58*$AK$9)+N58 -> 5485.5056 | V58: VIRGIN ISLANDS | W58: =SUM(Q58+$AH$48) -> 5891.3233 | X58: =SUM(R58+$AH$48) -> 5799.0983 | Y58: =SUM(S58+$AH$48) -> 6684.9896
A59: AMERICAN SAMOA | B59: 4033 | C59: 2785 | D59: 1248 | F59: AMERICAN SAMOA | G59: 12469755 | H59: 9671012 | I59: 2798742 | K59: AMERICAN SAMOA | L59: =SUM(G59/B59) -> 3091.9303 | M59: =SUM(H59/C59) -> 3472.5357 | N59: =SUM(I59/D59) -> 2242.5817 | P59: AMERICAN SAMOA | Q59: =(L59*$AK$9)+L59 -> 3081.4482 | R59: =(M59*$AK$9)+M59 -> 3460.7633 | S59: =(N59*$AK$9)+N59 -> 2234.979 | V59: AMERICAN SAMOA | W59: =SUM(Q59+$AH$48) -> 4280.9322 | X59: =SUM(R59+$AH$48) -> 4660.2473 | Y59: =SUM(S59+$AH$48) -> 3434.463
A60: NORTHERN MARIANAS | B60: 1826 | C60: 1473 | D60: 353 | F60: NORTHERN MARIANAS | G60: 20720369 | H60: 11892888 | I60: 8827482 | K60: NORTHERN MARIANAS | L60: =SUM(G60/B60) -> 11347.409 | M60: =SUM(H60/C60) -> 8073.9226 | N60: =SUM(I60/D60) -> 25007.031 | P60: NORTHERN MARIANAS | Q60: =(L60*$AK$9)+L60 -> 11308.94 | R60: =(M60*$AK$9)+M60 -> 8046.5507 | S60: =(N60*$AK$9)+N60 -> 24922.253 | V60: NORTHERN MARIANAS | W60: =SUM(Q60+$AH$48) -> 12508.424 | X60: =SUM(R60+$AH$48) -> 9246.0347 | Y60: =SUM(S60+$AH$48) -> 26121.737
A61: GUAM | B61: 12812 | C61: 11060 | D61: 1752 | F61: GUAM | G61: 51059800 | H61: 37099123 | I61: 13960678 | K61: GUAM | L61: =SUM(G61/B61) -> 3985.3106 | M61: =SUM(H61/C61) -> 3354.3511 | N61: =SUM(I61/D61) -> 7968.4235 | P61: GUAM | Q61: =(L61*$AK$9)+L61 -> 3971.7998 | R61: =(M61*$AK$9)+M61 -> 3342.9793 | S61: =(N61*$AK$9)+N61 -> 7941.4093 | V61: GUAM | W61: =SUM(Q61+$AH$48) -> 5171.2838 | X61: =SUM(R61+$AH$48) -> 4542.4633 | Y61: =SUM(S61+$AH$48) -> 9140.8933
A62: FOREIGN | B62: 391948 | C62: 375231 | D62: 16717 | F62: FOREIGN | G62: 62235732 | H62: 57797182 | I62: 4438550 | K62: FOREIGN | L62: =SUM(G62/B62) -> 158.78569 | M62: =SUM(H62/C62) -> 154.03094 | N62: =SUM(I62/D62) -> 265.51116 | P62: FOREIGN | Q62: =(L62*$AK$9)+L62 -> 158.24738 | R62: =(M62*$AK$9)+M62 -> 153.50875 | S62: =(N62*$AK$9)+N62 -> 264.61103 | V62: FOREIGN | W62: =SUM(Q62+$AH$48) -> 1357.7314 | X62: =SUM(R62+$AH$48) -> 1352.9928 | Y62: =SUM(S62+$AH$48) -> 1464.095
A63: UNKNOWN | B63: 3058 | C63: 2596 | D63: 462 | F63: UNKNOWN | G63: 105059614 | H63: 93748682 | I63: 11310932 | K63: UNKNOWN | L63: =SUM(G63/B63) -> 34355.662 | M63: =SUM(H63/C63) -> 36112.743 | N63: =SUM(I63/D63) -> 24482.537 | P63: UNKNOWN | Q63: =(L63*$AK$9)+L63 -> 34239.191 | R63: =(M63*$AK$9)+M63 -> 35990.316 | S63: =(N63*$AK$9)+N63 -> 24399.537 | V63: UNKNOWN | W63: =SUM(Q63+$AH$48) -> 35438.675 | X63: =SUM(R63+$AH$48) -> 37189.8 | Y63: =SUM(S63+$AH$48) -> 25599.021
A64: NATIONAL TOTALS | B64: 37214453 | C64: 30340396 | D64: 6874057 | F64: NATIONWIDE | G64: 345423309643 | H64: 277170307434 | I64: 68253002209 | K64: NATIONWIDE | L64: =SUM(G64/B64) -> 9281.9666 | M64: =SUM(H64/C64) -> 9135.3556 | N64: =SUM(I64/D64) -> 9929.0713 | P64: NATIONWIDE | Q64: =(L64*$AK$9)+L64 -> 9250.4993 | R64: =(M64*$AK$9)+M64 -> 9104.3853 | S64: =(N64*$AK$9)+N64 -> 9895.4102 | V64: NATIONWIDE | W64: =SUM(Q64+$AH$48) -> 10449.983 | X64: =SUM(R64+$AH$48) -> 10303.869 | Y64: =SUM(S64+$AH$48) -> 11094.894
N290: 510
N291: 173959
N292: Pending State Designation
N293: 16328
N294: 10899
N295: 65
N296: 5364
N297: Data has been screened to meet CMS Privacy Guidelines
N298: SOURCE: CMS Denominator File
N299: MEDICARE ENROLLMENT - ALL BENEFICIARIES: as of JULY 2012
